[Event "Team 45 45 League T53"]
[Site "Internet Chess Club"]
[Date "2012.06.05"]
[Round "3"]
[White "houseofcook"]
[Black "milesotoole"]
[Result "0-1"]
[WhiteElo "1542"]
[BlackElo "1569"]
[Opening "Sicilian: closed"]
[ECO "B23"]
[Time "10:02:28"]
[TimeControl "2700+45"]

1. e4 c5 2. Nc3 e6 3. f4 d5 4. Bb5+ Bd7 5. Bxd7+ Qxd7 6. Nf3 Nc6 7. d3 d4 8. Nb1
Nge7 9. O-O f5 10. exf5 Nxf5 11. Qe2 O-O-O 12. Ne5 Nxe5 13. fxe5 Be7 14. Na3 g6
15. Nc4 g5 16. a4 Rdg8 17. a5 Qc6 18. Bd2 g4 19. Be1 g3 20. h3 Bg5 21. Bd2 Bxd2
22. Qxd2 Kc7 23. Qe2 h5 24. Rf4 h4 25. Raf1 Rg7 26. Qe4 Qd7 27. b3 Re8 28. R4f3
a6 29. Rb1 Qe7 30. Rff1 Kb8 31. Rf4 Reg8 32. Re1 Re8 33. Ref1 Qd8 34. Qe1 Rd7
35. R1f2 gxf2+ 36. Qxf2 Rg7 37. Qe2 Reg8 38. Rf2 Ng3 39. Qd2 Qg5 40. Qe1 Nf5 41.
Qe2 Qe7 42. Qd2 Qg5 43. Qd1 Ne3 44. Nxe3 Qxe3 45. Kf1 Qxe5 46. Qd2 Qd5 47. Qf4+
e5 48. Qd2 Qd8 49. Ke1 Rf8 50. Re2 Rgf7 {White resigns} 0-1

[Event "Team 45 45 League T53"]
[Site "Internet Chess Club"]
[Date "2012.06.04"]
[Round "3"]
[White "burnsy"]
[Black "MateIn42"]
[Result "1/2-1/2"]
[WhiteElo "1501"]
[BlackElo "1376"]
[Opening "Ruy Lopez: Berlin defense"]
[ECO "C65"]
[Time "20:18:19"]
[TimeControl "2700+45"]

1. e4 e5 2. Nf3 Nc6 3. Bb5 Nf6 4. Bxc6 dxc6 5. d3 Bc5 6. Bg5 h6 7. Bh4 Bg4 8. h3
Bxf3 9. Qxf3 Be7 10. Nd2 Nxe4 11. Bxe7 Nxd2 12. Qxf7+ Kxf7 13. Bxd8 Nf3+ 14.
gxf3 Raxd8 15. O-O-O g5 16. Rde1 Kf6 17. Re3 Rd4 18. Re4 Rhd8 19. Rhe1 Rxe4 20.
Rxe4 Rd4 21. Kd2 Kf5 22. Ke3 c5 23. c3 Rd7 24. h4 Rg7 25. h5 {Game drawn by
mutual agreement} 1/2-1/2

[Event "Team 45 45 League T53"]
[Site "Internet Chess Club"]
[Date "2012.05.30"]
[Round "3"]
[White "dabodhi"]
[Black "Iowa-Archer"]
[Result "0-1"]
[WhiteElo "1249"]
[BlackElo "1388"]
[Opening "Sicilian: closed"]
[ECO "B23"]
[Time "15:00:49"]
[TimeControl "2700+45"]

1. e4 c5 2. Nc3 d6 3. f4 Nf6 4. Nf3 e6 5. Bc4 Be7 6. d4 cxd4 7. Nxd4 O-O 8. O-O
Nxe4 9. f5 Nxc3 10. bxc3 e5 11. Ne6 fxe6 12. fxe6 a6 13. Qg4 Qb6+ 14. Be3 Qxe3+
15. Kh1 Qg5 16. Rxf8+ Kxf8 17. Qxg5 Bxg5 18. Rf1+ Ke7 19. Rf7+ Ke8 20. Rxg7 Be7
21. Rg8+ Bf8 22. Bd5 Nc6 23. Rh8 Ne7 24. Rxh7 Nxd5 {White resigns} 0-1

[Event "Team 45 45 League T53"]
[Site "Internet Chess Club"]
[Date "2012.06.01"]
[Round "3"]
[White "slowdown"]
[Black "Zugzwanged"]
[Result "0-1"]
[WhiteElo "1614"]
[BlackElo "1594"]
[Opening "English opening"]
[ECO "A20"]
[Time "20:00:49"]
[TimeControl "2700+45"]

1. c4 e5 2. g3 Nf6 3. Bg2 Bc5 4. Nc3 d6 5. Nf3 O-O 6. O-O Nc6 7. d3 Be6 8. Bg5
h6 9. Bxf6 Qxf6 10. Nd2 Bb6 11. e3 Qd8 12. a3 Qd7 13. Re1 Bg4 14. Qc2 Bh3 15.
Bh1 Rab8 16. Nd5 Ne7 17. Nxb6 axb6 18. b4 h5 19. d4 h4 20. dxe5 hxg3 21. hxg3
dxe5 22. Nf3 Ng6 23. Qc3 Qf5 24. e4 Qh5 25. Rad1 Rbd8 26. Bg2 Rxd1 27. Rxd1 Nf4
28. gxf4 Qg4 29. Ne1 Bxg2 30. Rd3 Bf3+ 31. Kf1 Be2# {White checkmated} 0-1

[Event "Team 45 45 League T53"]
[Site "Internet Chess Club"]
[Date "2012.06.02"]
[Round "3"]
[White "Timotheous"]
[Black "ticopatzer"]
[Result "1-0"]
[WhiteElo "1756"]
[BlackElo "1638"]
[Opening "Réti opening"]
[ECO "A09"]
[Time "13:02:12"]
[TimeControl "2700+45"]

1. Nf3 d5 2. c4 Nf6 3. cxd5 Nxd5 4. g3 c5 5. b3 Nc6 6. Bb2 Bg4 7. Bg2 Qc7 8. O-O
Rd8 9. d3 e5 10. Nbd2 Be7 11. Rc1 O-O 12. Rc4 Be6 13. Qa1 f6 14. Rcc1 Qa5 15.
Nc4 Qb4 16. Nfd2 Nb6 17. Bc3 Qb5 18. a4 Qa6 19. Na3 Nd5 20. Bb2 Ndb4 21. Nac4
Nd4 22. Bxd4 cxd4 23. Qb2 Rc8 24. Na3 Qb6 25. Ndc4 Qc7 26. Nb5 Qb8 27. Na5 a6
28. Na3 Nd5 29. N5c4 b5 30. axb5 axb5 31. Nd2 Nc3 32. Rfe1 Qb6 33. Nab1 Nd5 34.
Ne4 Rc7 35. Rxc7 Qxc7 36. Rc1 Qd7 37. Nc5 Bxc5 38. Rxc5 b4 39. Bxd5 Bxd5 40. Qc2
Rd8 41. Nd2 Qh3 42. f3 Qf5 43. Nf1 Qe6 44. Nd2 f5 45. Nc4 e4 46. Qd2 exf3 47.
exf3 Bxf3 48. Re5 Qg6 49. Qxb4 f4 50. Qb6 fxg3 51. Qxd8+ Kf7 52. Nd6+ {Black
resigns} 1-0

[Event "Team 45 45 League T53"]
[Site "Internet Chess Club"]
[Date "2012.06.04"]
[Round "3"]
[White "MinnArkie"]
[Black "rahulr"]
[Result "0-1"]
[WhiteElo "1583"]
[BlackElo "1605"]
[Opening "Alekhine's defense: Scandinavian variation"]
[ECO "B02"]
[Time "21:00:20"]
[TimeControl "2700+45"]

1. e4 Nf6 2. Nc3 d5 3. e5 Nfd7 4. d4 e6 5. Nf3 c5 6. Bg5 Qb6 7. Na4 Qb4+ 8. c3
Qa5 9. Bd2 c4 10. b3 b5 11. b4 Qc7 12. Nc5 Nc6 13. Be2 Nxc5 14. bxc5 a5 15. a3
Be7 16. Bg5 O-O 17. O-O Bxg5 18. Nxg5 Qe7 19. f4 f6 20. Nf3 fxe5 21. fxe5 Bd7
22. Qc1 a4 23. h3 Na5 24. Bd1 Nb3 25. Bxb3 axb3 26. Qb2 Be8 27. Nd2 Bg6 28.
Rxf8+ Rxf8 29. a4 bxa4 30. Rxa4 Qf7 31. Nf3 Be4 32. Qf2 Bxf3 33. Qxf3 Qd7 34.
Qxf8+ Kxf8 35. Rb4 Qa7 36. c6 Qc7 {White resigns} 0-1

[Event "Team 45 45 League T53"]
[Site "Internet Chess Club"]
[Date "2012.06.03"]
[Round "3"]
[White "Q2012"]
[Black "realchess"]
[Result "0-1"]
[WhiteElo "1319"]
[BlackElo "1777"]
[Opening "Blackmar gambit"]
[ECO "D00"]
[Time "18:00:20"]
[TimeControl "2700+45"]

1. d4 d5 2. e4 dxe4 3. Nc3 Nf6 4. f3 exf3 5. Nxf3 Bg4 6. Be2 Nc6 7. Be3 e6 8. a3
Bd6 9. O-O O-O 10. b4 a6 11. h3 Bf5 12. Nh4 Be4 13. Nf3 Bf5 14. b5 axb5 15. Nxb5
Bg3 16. Bg5 Rc8 17. Bd3 Bxd3 18. Qxd3 h6 19. Bxf6 Qxf6 20. Nd2 Qe7 21. Qxg3 Rfd8
22. c3 Rd5 23. a4 Rg5 24. Qe3 Qd7 25. Ne4 Rg6 26. Nc5 Qd5 27. Qe2 e5 28. Rad1
exd4 29. cxd4 Kh7 30. Nxb7 Re8 31. Qc2 Nb4 32. Qb2 Qxb7 33. Rxf7 Re3 34. Rdf1
Reg3 35. R1f2 Nd3 36. Rxc7 Qe4 37. Re2 Rxg2+ 38. Rxg2 Nxb2 39. Rc2 Rxg2+ 40.
Rxg2 Qe1+ 41. Kh2 Qb4 42. d5 Nxa4 43. Na7 Qb8+ 44. Kh1 Qxa7 45. Rd2 Qd7 46. Kg2
Nc3 47. d6 Ne4 {White resigns} 0-1

[Event "Team 45 45 League T53"]
[Site "Internet Chess Club"]
[Date "2012.06.01"]
[Round "3"]
[White "ScotchYeti"]
[Black "crazyhorses"]
[Result "1-0"]
[WhiteElo "1664"]
[BlackElo "1457"]
[Opening "Ruy Lopez: Wormald (Alapin) attack"]
[ECO "C77"]
[Time "14:09:11"]
[TimeControl "2700+45"]

1. e4 e5 2. Nf3 Nc6 3. Bb5 a6 4. Ba4 Nf6 5. Qe2 b5 6. Bb3 Be7 7. c3 O-O 8. d3
Re8 9. O-O d5 10. Rd1 Bg4 11. h3 Bh5 12. Nbd2 Na5 13. Bc2 Nc6 14. Nf1 h6 15. Ng3
Bg6 16. Nh4 Bh7 17. Nhf5 Bf8 18. Kh1 Qd7 19. Qf3 d4 20. Nxh6+ gxh6 21. Qxf6 Re6
22. Qf3 Rf6 23. Qxf6 {Black resigns} 1-0

[Event "Team 45 45 League T53"]
[Site "Internet Chess Club"]
[Date "2012.06.03"]
[Round "3"]
[White "Rhel"]
[Black "cBishop"]
[Result "1-0"]
[WhiteElo "1645"]
[BlackElo "1605"]
[Opening "QGD semi-Slav: Stoltz variation"]
[ECO "D45"]
[Time "06:00:23"]
[TimeControl "2700+45"]

1. d4 d5 2. c4 c6 3. Nf3 Nf6 4. Nc3 e6 5. e3 Nbd7 6. Qc2 a6 7. Bd3 dxc4 8. Bxc4
b5 9. Bd3 Bb7 10. O-O Rc8 11. a4 b4 12. Ne4 Nxe4 13. Bxe4 Nf6 14. Bd3 c5 15. Qe2
a5 16. Bb5+ Bc6 17. Bxc6+ Rxc6 18. Qb5 Qb6 19. Ne5 Qxb5 20. axb5 Rc8 21. Rxa5 c4
22. Nc6 Kd7 23. Bd2 Nd5 24. e4 c3 25. bxc3 bxc3 26. Ra7+ Rc7 27. Rxc7+ Kxc7 28.
exd5 cxd2 29. dxe6 fxe6 30. Rd1 Kb6 31. Rxd2 Kxb5 32. Ne5 Ba3 33. Kf1 Rd8 34.
Ke2 Rd5 35. Kd3 Bd6 36. f4 Bxe5 37. fxe5 Kb6 38. Ke4 Kc7 39. Rf2 Rd7 40. Rf8 Kb7
41. Re8 Rf7 42. Rxe6 Rf2 43. Re7+ Kc6 44. Rxg7 Re2+ 45. Kd3 Ra2 46. e6 Kd6 47.
e7 Kd7 48. d5 Ke8 49. d6 Ra3+ 50. Kc4 {Black resigns} 1-0

[Event "Team 45 45 League T53"]
[Site "Internet Chess Club"]
[Date "2012.06.02"]
[Round "3"]
[White "cepheid"]
[Black "Whalen"]
[Result "1/2-1/2"]
[WhiteElo "1629"]
[BlackElo "1644"]
[Opening "French: Winawer, advance, Bogolyubov variation"]
[ECO "C17"]
[Time "11:00:32"]
[TimeControl "2700+45"]

1. e4 e6 2. d4 d5 3. Nc3 Bb4 4. e5 c5 5. Bd2 cxd4 6. Nb5 Bxd2+ 7. Qxd2 Ne7 8. f4
O-O 9. Nf3 Nbc6 10. O-O-O Nf5 11. Nbxd4 Nfxd4 12. Nxd4 Bd7 13. Nxc6 Bxc6 14. Qd4
Qa5 15. Kb1 b5 16. a3 Rab8 17. Qb4 Qb6 18. Qd4 Qxd4 19. Rxd4 f6 20. exf6 Rxf6
21. Be2 Be8 22. Rf1 Bg6 23. Rdd1 b4 24. axb4 Rxb4 25. g3 Rf7 26. Bd3 Rfb7 27. b3
a5 28. Bxg6 hxg6 29. Rd3 a4 30. Ka2 axb3+ 31. Rxb3 Ra7+ 32. Kb2 Rba4 33. Kc3 Kf7
34. Rfb1 Kf6 35. Rb4 Rc7+ 36. Kd3 Ra2 37. R1b2 Ra1 38. Rb1 Ra6 39. Rb6 Ra4 40.
R6b4 Ra2 {Game drawn by mutual agreement} 1/2-1/2

[Event "Team 45 45 League T53"]
[Site "Internet Chess Club"]
[Date "2012.06.04"]
[Round "3"]
[White "KnightDwarf"]
[Black "Hal2001"]
[Result "1-0"]
[WhiteElo "1536"]
[BlackElo "1613"]
[Opening "Robatsch (modern) defense"]
[ECO "A40"]
[Time "17:03:13"]
[TimeControl "2700+45"]

1. d4 g6 2. e4 Bg7 3. c4 c5 4. d5 d6 5. Nf3 e5 6. Nc3 Ne7 7. Bg5 a6 8. a3 Nd7 9.
b4 f6 10. Be3 b6 11. Be2 f5 12. bxc5 bxc5 13. Ng5 Nf6 14. h4 h6 15. Ne6 Bxe6 16.
dxe6 f4 17. Qa4+ Kf8 18. Bd2 g5 19. hxg5 hxg5 20. Rxh8+ Bxh8 21. O-O-O Qb6 22.
Rh1 Bg7 23. Nd5 Nfxd5 24. exd5 Rb8 25. Qc2 Qb3 26. Qxb3 Rxb3 27. a4 e4 28. Kc2
Rb2+ 29. Kc1 e3 30. fxe3 fxe3 31. Rf1+ Kg8 32. Bxe3 Rxe2 33. Bxg5 Ng6 34. Kd1
Re4 35. Kd2 Re5 36. Bf6 Bxf6 37. Rxf6 Kg7 38. Rf7+ Kg8 39. Rd7 Re4 40. Rxd6 Rxc4
41. Rd8+ Kg7 42. d6 Rd4+ 43. Kc3 Kf6 44. e7 Nxe7 45. dxe7 Kxe7 46. Rxd4 cxd4+
47. Kxd4 Ke6 48. g4 Kf6 49. Kc5 Kg5 50. Kb6 Kxg4 51. Kxa6 Kf5 52. Kb7 Ke6 53. a5
Kd6 54. a6 Kc5 55. a7 {Black resigns} 1-0

[Event "Team 45 45 League T53"]
[Site "Internet Chess Club"]
[Date "2012.06.01"]
[Round "3"]
[White "grabuark"]
[Black "chess9793"]
[Result "1/2-1/2"]
[WhiteElo "2200"]
[BlackElo "2172"]
[Opening "Sicilian: Nimzovich-Rossolimo attack (with ...g6, without ...d6)"]
[ECO "B31"]
[Time "23:08:51"]
[TimeControl "2700+45"]

1. e4 c5 2. Nf3 Nc6 3. Bb5 g6 4. Bxc6 dxc6 5. d3 Bg7 6. h3 e5 7. Be3 b6 8. Nbd2
Ne7 9. a4 O-O 10. a5 Be6 11. O-O h6 12. Nc4 Qc7 13. Qd2 Kh7 14. Qc3 f5 15. axb6
axb6 16. Rxa8 Rxa8 17. b4 Bxc4 18. Qxc4 cxb4 19. Qxb4 c5 20. Qb3 f4 21. Bd2 Nc6
22. Rb1 Ra6 23. Qc4 Ra7 {Game drawn by mutual agreement} 1/2-1/2

[Event "Team 45 45 League T53"]
[Site "Internet Chess Club"]
[Date "2012.06.01"]
[Round "3"]
[White "elmaestro"]
[Black "Zumbi"]
[Result "0-1"]
[WhiteElo "1821"]
[BlackElo "2137"]
[Opening "Alekhine's defense: modern, Larsen variation"]
[ECO "B04"]
[Time "23:27:55"]
[TimeControl "2700+45"]

1. e4 Nf6 2. e5 Nd5 3. d4 d6 4. Nf3 dxe5 5. Nxe5 g6 6. Bc4 c6 7. O-O Bg7 8. Nc3
O-O 9. Nxd5 cxd5 10. Be2 Nc6 11. Nxc6 bxc6 12. c3 e5 13. dxe5 Bxe5 14. Be3 Re8
15. Bf3 Ba6 16. Re1 Qb8 17. g3 Qxb2 18. Bd4 Bxd4 19. cxd4 Rxe1+ 20. Qxe1 Qxd4
21. Rc1 Qf6 22. Bg2 Rb8 23. Qe3 Rb2 24. Bf3 Rxa2 25. Re1 Kg7 26. Kg2 Bc4 27. Qc5
Qc3 28. Qd6 Qxe1 {White resigns} 0-1

[Event "Team 45 45 League T53"]
[Site "Internet Chess Club"]
[Date "2012.06.04"]
[Round "3"]
[White "Constrictor"]
[Black "flyingpawns"]
[Result "1-0"]
[WhiteElo "1772"]
[BlackElo "1819"]
[Opening "QGD semi-Slav: Meran, 8...a6"]
[ECO "D48"]
[Time "20:07:21"]
[TimeControl "2700+45"]

1. Nf3 e6 2. d4 d5 3. c4 c6 4. Nc3 Nf6 5. e3 Nbd7 6. Bd3 dxc4 7. Bxc4 b5 8. Bd3
a6 9. e4 Bb7 10. e5 Nd5 11. Nxd5 exd5 12. O-O c5 13. Bg5 Be7 14. Bxe7 Qxe7 15.
dxc5 Nxc5 16. Rc1 O-O 17. Qc2 Ne4 18. Qc7 Rfe8 19. Rc2 Rab8 20. Rfc1 Qb4 21. a3
Qb3 22. Bxe4 dxe4 23. Ng5 h6 24. e6 fxe6 25. Qf7+ Kh8 26. Rc7 Qxb2 27. Nxe6 Rg8
28. Nf4 a5 29. Ne6 Bd5 30. Qd7 Bxe6 31. Qxe6 Rbf8 32. R1c2 Qa1+ 33. Rc1 Qxa3 34.
Qxe4 Re8 35. Qg6 Qb2 36. g4 Qd2 37. R1c2 Qd5 38. h4 Re1+ 39. Kh2 Qh1+ 40. Kg3
Rg1+ 41. Kf4 Qxh4 42. f3 Qxg4+ 43. fxg4 {Black resigns} 1-0

[Event "Team 45 45 League T53"]
[Site "Internet Chess Club"]
[Date "2012.06.01"]
[Round "3"]
[White "j316chuck"]
[Black "room-matt"]
[Result "1/2-1/2"]
[WhiteElo "1770"]
[BlackElo "1747"]
[Opening "Ruy Lopez: fianchetto (Smyslov/Barnes) defense"]
[ECO "C60"]
[Time "15:06:54"]
[TimeControl "2700+45"]

1. e4 e5 2. Nf3 Nc6 3. Bb5 g6 4. O-O Bg7 5. c3 Nge7 6. d4 exd4 7. cxd4 d5 8. e5
O-O 9. Nc3 a6 10. Ba4 h6 11. Bb3 Bg4 12. Be3 Na5 13. h3 Nxb3 14. axb3 Bf5 15.
Qd2 Kh7 16. Na4 b6 17. Nc3 Nc6 18. Rfc1 Na5 19. Qd1 f6 20. exf6 Rxf6 21. Ne2 Qe7
22. Ng3 Be6 23. Ne5 Raf8 24. b4 Qxb4 25. Rxc7 Rc8 26. Rxc8 Bxc8 27. Qc2 Bf5 28.
Nxf5 gxf5 29. Nf3 Qc4 30. Qd1 Nc6 31. Ra4 Qb5 32. b3 Ne7 33. Qa1 a5 34. Qc3 Rg6
35. Nh4 Rc6 36. Qb2 Qd3 37. Ra2 Rc3 38. b4 f4 39. Bxf4 Bxd4 40. Qd2 Qxd2 41.
Bxd2 Rb3 42. bxa5 Rb1+ 43. Kh2 Bxf2 44. Nf3 bxa5 45. Rxa5 Bb6 46. Ra4 Bc7+ 47.
Bf4 {Game drawn by mutual agreement} 1/2-1/2

[Event "Team 45 45 League T53"]
[Site "Internet Chess Club"]
[Date "2012.06.03"]
[Round "3"]
[White "Chess-Dream"]
[Black "LittleWarrior"]
[Result "0-1"]
[WhiteElo "2066"]
[BlackElo "1910"]
[Opening "Nimzo-Indian: classical variation"]
[ECO "E32"]
[Time "17:03:23"]
[TimeControl "2700+45"]

1. d4 Nf6 2. c4 e6 3. Nc3 Bb4 4. Qc2 O-O 5. a3 Bxc3+ 6. Qxc3 b6 7. Bg5 h6 8. Bh4
d6 9. e3 Nbd7 10. Ne2 Bb7 11. Qc2 e5 12. dxe5 Nxe5 13. Nc3 Ng6 14. Bg3 Re8 15.
O-O-O h5 16. h3 Ne4 17. Nxe4 Bxe4 18. Qc3 Qg5 19. h4 Qg4 20. Rh3 Qe6 21. Rh2 Ne7
22. f3 Bb7 23. e4 f5 24. e5 d5 25. c5 bxc5 26. Qxc5 Ba6 27. Bxa6 Qxa6 28. Rd2
Rab8 29. Rh1 Rb5 30. Qe3 c5 31. Rc2 Nc6 32. Qg5 Nd4 33. Qxh5 Rbb8 34. Rf2 Qd3
{White resigns} 0-1

[Event "Team 45 45 League T53"]
[Site "Internet Chess Club"]
[Date "2012.06.02"]
[Round "3"]
[White "Fezzik"]
[Black "sounix"]
[Result "1/2-1/2"]
[WhiteElo "2175"]
[BlackElo "1958"]
[Opening "Benoni: fianchetto, 11...Re8"]
[ECO "A64"]
[Time "01:02:05"]
[TimeControl "2700+45"]

1. d4 Nf6 2. c4 e6 3. Nf3 c5 4. d5 exd5 5. cxd5 d6 6. Nc3 g6 7. g3 Bg7 8. Bg2
O-O 9. O-O a6 10. a4 Nbd7 11. Nd2 Re8 12. h3 Rb8 13. Nc4 Ne5 14. Na3 Nh5 15. e4
f5 16. exf5 Bxf5 17. g4 Bxg4 18. hxg4 Qh4 19. gxh5 Rf8 20. h6 Bh8 21. Ne4 Ng4
22. Qxg4 Qxg4 23. Nc4 Rfd8 24. Nexd6 b5 25. axb5 axb5 26. Ne3 Qf4 27. Ne4 Be5
28. Rd1 c4 29. Ra7 Rf8 30. d6 Qh4 31. Nd5 Qg4 32. Ne7+ Kh8 33. Rd5 Bf4 34. Bxf4
Qxf4 35. d7 b4 36. Nc6 c3 37. bxc3 bxc3 38. Nxb8 c2 39. Ra1 Qxb8 40. Ng5 Kg8 41.
Rd2 Qb1+ 42. Kh2 Qxa1 43. Bd5+ Kh8 44. Nf7+ Kg8 45. Ng5+ Kh8 {Game drawn by
mutual agreement} 1/2-1/2

[Event "Team 45 45 League T53"]
[Site "Internet Chess Club"]
[Date "2012.06.01"]
[Round "3"]
[White "Sir-Sinister"]
[Black "DreamCatcher13"]
[Result "1-0"]
[WhiteElo "1944"]
[BlackElo "1964"]
[Opening "Scotch gambit: Dubois-Réti defense"]
[ECO "C55"]
[Time "17:17:17"]
[TimeControl "2700+45"]

1. e4 e5 2. Nf3 Nc6 3. d4 exd4 4. Bc4 Nf6 5. e5 d5 6. Bb5 Ne4 7. Nxd4 Bc5 8. Be3
Bd7 9. Bxc6 bxc6 10. O-O O-O 11. f3 Ng5 12. f4 Ne4 13. Nd2 f5 14. Qe2 Bxd4 15.
Bxd4 c5 16. Be3 d4 17. Bf2 Rb8 18. Qc4+ Kh8 19. Nxe4 fxe4 20. Qxc5 Rxf4 21. Bxd4
Rg4 22. Rf7 h6 23. Raf1 Rg6 24. Rf8+ {Black resigns} 1-0

[Event "Team 45 45 League T53"]
[Site "Internet Chess Club"]
[Date "2012.06.02"]
[Round "3"]
[White "Agazo"]
[Black "Innes"]
[Result "1-0"]
[WhiteElo "1712"]
[BlackElo "1760"]
[Opening "QGD Slav: 4.Nc3"]
[ECO "D15"]
[Time "12:30:53"]
[TimeControl "2700+45"]

1. d4 d5 2. c4 c6 3. Nf3 Nf6 4. Nc3 a6 5. c5 e6 6. Bf4 Be7 7. h3 O-O 8. e3 Nbd7
9. Bd3 Re8 10. O-O Bf8 11. Qc2 g6 12. b4 Bg7 13. Bh2 Nf8 14. Rfe1 N6d7 15. e4
dxe4 16. Nxe4 f6 17. Nd6 Re7 18. Bc4 b5 19. Bb3 a5 20. a3 a4 21. Ba2 Kh8 22. Qe4
f5 23. Qxc6 Rb8 24. Ng5 Ne5 25. Bxe5 Bb7 26. Ngf7+ Kg8 27. Nxd8 Bxc6 28. Nxc6
{Black resigns} 1-0

[Event "Team 45 45 League T53"]
[Site "Internet Chess Club"]
[Date "2012.05.31"]
[Round "3"]
[White "JustinL"]
[Black "Juan73"]
[Result "0-1"]
[WhiteElo "1941"]
[BlackElo "1678"]
[Opening "Scotch: Potter variation"]
[ECO "C45"]
[Time "20:01:46"]
[TimeControl "2700+45"]

1. e4 e5 2. Nf3 Nc6 3. d4 exd4 4. Nxd4 Bc5 5. Nb3 Bb6 6. Bc4 Nf6 7. Nc3 a6 8.
O-O d6 9. Bg5 h6 10. Bh4 g5 11. Bg3 h5 12. h3 h4 13. Bh2 g4 14. hxg4 Nxg4 15.
Qf3 Qf6 16. Qxf6 Nxf6 17. Nd5 Nxd5 18. Bxd5 Rg8 19. Kh1 Nb4 20. c3 Nd3 21. Rab1
Nxf2+ 22. Rxf2 Bxf2 23. Rf1 c6 24. Bc4 b5 25. Rxf2 bxc4 26. Na5 d5 27. Nxc6 dxe4
28. Ne5 Be6 29. Rf4 h3 30. g4 Rd8 31. Bg3 Rd1+ 32. Kh2 e3 33. Re4 Bd5 34. Rxe3
Rh1# {White checkmated} 0-1

[Event "Team 45 45 League T53"]
[Site "Internet Chess Club"]
[Date "2012.05.31"]
[Round "3"]
[White "Heian"]
[Black "Kingofknights"]
[Result "1-0"]
[WhiteElo "1790"]
[BlackElo "1589"]
[Opening "Caro-Kann: advance variation"]
[ECO "B12"]
[Time "19:00:11"]
[TimeControl "2700+45"]

1. e4 c6 2. d4 d5 3. e5 Bf5 4. Nf3 e6 5. Bd3 Bxd3 6. Qxd3 Nd7 7. O-O a6 8. Nbd2
c5 9. c3 cxd4 10. cxd4 Ne7 11. Nb3 Nf5 12. Bg5 Be7 13. Bxe7 Qxe7 14. Rac1 Qd8
15. Nc5 Nxc5 16. Rxc5 Rc8 17. b4 O-O 18. Rfc1 Rxc5 19. bxc5 Qa5 20. a3 Rc8 21.
g4 Ne7 22. Ng5 g6 23. Rb1 Rc7 24. Qh3 Nc6 25. Qxh7+ Kf8 26. Qh8+ Ke7 27. Qf6+
Ke8 28. Nh7 Nxd4 29. Qh8+ Ke7 30. Qf8+ Kd7 31. Nf6+ Kc6 32. Qd6# {Black
checkmated} 1-0

[Event "Team 45 45 League T53"]
[Site "Internet Chess Club"]
[Date "2012.06.04"]
[Round "3"]
[White "Bryant-L"]
[Black "calily"]
[Result "0-1"]
[WhiteElo "1414"]
[BlackElo "1704"]
[Opening "Caro-Kann: exchange variation"]
[ECO "B13"]
[Time "15:02:13"]
[TimeControl "2700+45"]

1. e4 c6 2. d4 d5 3. exd5 cxd5 4. Nf3 Nf6 5. Bb5+ Bd7 6. Bxd7+ Nbxd7 7. O-O e6
8. Re1 Be7 9. Nc3 O-O 10. Bf4 a6 11. a4 Rc8 12. Ne5 Qb6 13. Nxd7 Nxd7 14. Re3
Nf6 15. Rg3 Bd6 16. Bxd6 Qxd6 17. Qf3 Rc4 18. Rg5 Qe7 19. Qg3 g6 20. Re5 Rfc8
21. Rae1 Rxd4 22. b3 Ne4 23. Nxd5 Rxd5 24. R5xe4 Rxc2 25. Rf4 Qc7 26. Rc4 Qxg3
27. h3 Qxf2+ 28. Kh1 Qxg2# {White checkmated} 0-1

[Event "Team 45 45 League T53"]
[Site "Internet Chess Club"]
[Date "2012.06.04"]
[Round "3"]
[White "sockmonkey"]
[Black "medsurg"]
[Result "1-0"]
[WhiteElo "1408"]
[BlackElo "1405"]
[Opening "Queen's pawn: Torre attack"]
[ECO "A46"]
[Time "02:00:16"]
[TimeControl "2700+45"]

1. d4 Nf6 2. Nf3 e6 3. Bg5 Be7 4. Nbd2 d5 5. e3 Nbd7 6. Bd3 h6 7. Bh4 c5 8. c3
Qb6 9. Rb1 Qc7 10. Bg3 Qd8 11. Ne5 Nxe5 12. dxe5 Nd7 13. f4 f5 14. Qh5+ Kf8 15.
Bxf5 exf5 16. e6 Nf6 17. Qf7# {Black checkmated} 1-0

[Event "Team 45 45 League T53"]
[Site "Internet Chess Club"]
[Date "2012.06.04"]
[Round "3"]
[White "anna"]
[Black "flyingpawns"]
[Result "0-1"]
[WhiteElo "1601"]
[BlackElo "1839"]
[Opening "French: advance, Euwe variation"]
[ECO "C02"]
[Time "17:25:06"]
[TimeControl "2700+45"]

1. e4 e6 2. d4 d5 3. e5 c5 4. c3 Nc6 5. Nf3 Bd7 6. Be3 Qb6 7. Qc2 Rc8 8. Qd2 f6
9. exf6 Nxf6 10. Be2 Ne4 11. Qc1 cxd4 12. Bf4 dxc3 13. Be3 d4 14. Bf4 cxb2 15.
Qd1 bxa1=Q 16. O-O Qxa2 17. Nbd2 Nc3 18. Qe1 Nxe2+ 19. Qxe2 Qaa6 20. Qd1 Be7 21.
Ne4 O-O 22. Bg3 e5 23. Nxe5 Nxe5 24. Bxe5 Bc6 25. Ng3 Bf6 26. Bxf6 Rxf6 27. Qg4
Rcf8 28. Nf5 {White resigns} 0-1

[Event "Team 45 45 League T53"]
[Site "Internet Chess Club"]
[Date "2012.06.01"]
[Round "3"]
[White "FlyingTiger"]
[Black "ausya"]
[Result "1-0"]
[WhiteElo "1713"]
[BlackElo "1565"]
[Opening "Sicilian: closed"]
[ECO "B23"]
[Time "18:34:21"]
[TimeControl "2700+45"]

1. e4 c5 2. Nc3 g6 3. f4 Nf6 4. Nf3 Bg7 5. Bc4 Nc6 6. O-O d6 7. d3 a6 8. a4 O-O
9. Qe1 e6 10. Bb3 Re8 11. Qh4 d5 12. e5 Nd7 13. Qf2 Na5 14. Bd2 Qb6 15. Ra3 c4
16. Be3 Qc7 17. dxc4 dxc4 18. Ba2 Bf8 19. Ne4 b5 20. axb5 axb5 21. c3 Bb7 22.
Bb1 Bxa3 23. bxa3 Bxe4 24. Bxe4 Nb7 25. Nd4 Ra5 26. f5 exf5 27. Nxf5 Nxe5 28.
Nh6+ Kg7 29. Qf6+ Kf8 30. Bxb7 Qxb7 31. Bc5+ {Black resigns} 1-0

[Event "Team 45 45 League T53"]
[Site "Internet Chess Club"]
[Date "2012.06.01"]
[Round "3"]
[White "scotty30"]
[Black "milesotoole"]
[Result "1-0"]
[WhiteElo "1502"]
[BlackElo "1558"]
[Opening "Dutch"]
[ECO "A80"]
[Time "20:17:00"]
[TimeControl "2700+45"]

1. d4 f5 2. Bf4 Nf6 3. Nf3 g6 4. e3 Bg7 5. c3 d6 6. Nbd2 Nc6 7. Bc4 Na5 8. Qa4+
Nc6 9. d5 Nxd5 10. Bxd5 e6 {Black resigns} 1-0

[Event "Team 45 45 League T53"]
[Site "Internet Chess Club"]
[Date "2012.06.04"]
[Round "3"]
[White "Berke"]
[Black "trifire"]
[Result "1/2-1/2"]
[WhiteElo "1660"]
[BlackElo "1533"]
[Opening "Sicilian: Smith-Morra gambit"]
[ECO "B21"]
[Time "15:00:19"]
[TimeControl "2700+45"]

1. e4 c5 2. d4 cxd4 3. c3 dxc3 4. Nxc3 e6 5. Nf3 d6 6. Bc4 a6 7. Bf4 b5 8. Bb3
Nc6 9. Qe2 Ra7 10. O-O Rd7 11. Rac1 Bb7 12. Rfd1 Nf6 13. Bg5 Be7 14. Bc2 O-O 15.
a3 b4 16. axb4 Nxb4 17. Bb1 h6 18. Bd2 a5 19. Be3 Nh7 20. Rd2 Ng5 21. Bxg5 hxg5
22. Rcd1 Qc7 23. e5 d5 24. Nd4 Ba6 25. Qh5 g6 26. Bxg6 fxg6 27. Qxg6+ Kh8 28.
Qh6+ Kg8 29. Qxe6+ Kh8 30. Qh6+ Kg8 31. Qg6+ Kh8 32. Ne6 Qxe5 33. Qh6+ Kg8 34.
Qg6+ {Game drawn by mutual agreement} 1/2-1/2